 Dungeon Crawl Stone Soup version 0.27-a0-46-g34d46f0a3f (webtiles) character file.

Game seed: 5304682490148242501

27 Borgoz the Covered (level 3, 0/26 HPs)
             Began as a Halfling Fighter on Jan 6, 2021.
             Slain by a goblin
             ... wielding a +0 club
             ... led by Robin
              (1 damage)
             ... on level 2 of the Dungeon.
             The game lasted 00:00:47 (627 turns).

Borgoz the Covered (Halfling Fighter)                Turns: 627, Time: 00:00:48

Health: 0/26       AC:  6    Str: 18    XL:     3   Next: 25%
Magic:  3/3        EV:  9    Int:  6    God:
Gold:   31         SH:  9    Dex: 13    Spells: 2/2 levels left

rFire    . . .     SeeInvis .   a - +1 long sword
rCold    . . .     Faith    .   c - +0 kite shield
rNeg     . . .     Spirit   .   b - +0 scale mail
rPois    .         Reflect  .   (no helmet)
rElec    .         Harm     .   (no cloak)
rCorr    .         Rampage  .   (no gloves)
Will     .....                  (no boots)
Stlth    ..........             (no amulet)
HPRegen  0.08/turn              (no ring)
MPRegen  0.08/turn              (no ring)

@: about to teleport
A: small, mutation resistance 1
a: no special abilities


You were on level 2 of the Dungeon.
You visited 1 branch of the dungeon, and saw 2 of its levels.

You collected 31 gold pieces.

Inventory:

Hand Weapons
 a - a +1 long sword (weapon)
Armour
 b - a +0 scale mail (worn)
 c - a +0 kite shield (worn)
Jewellery
 e - a cursed ring of teleportation {unknown}
 f - an uncursed ring of ice {unknown}
Potions
 d - a potion of might


   Skills:
 * Level 3.0 Fighting
 * Level 2.5 Long Blades
 + Level 3.5 Armour
 + Level 3.5 Shields


You had 2 spell levels left.
You didn't know any spells.
Your spell library was empty.

Dungeon Overview and Level Annotations

Branches:
Dungeon (2/15)

Altars:

Annotations:
D:2 Robin


Innate Abilities, Weirdness & Mutations

You are small and have problems with some larger weapons.
You are somewhat resistant to further mutation.


Message History

It is a scroll of enchant weapon.
Your +0 long sword glows red for a moment.
You block the bat's attack. The bat barely misses you.
You riposte.
You hit the bat.
You kill the bat!
You block the hobgoblin's attack.
Robin says, "My army is invincible!"
The goblin hits you but does no damage. The goblin barely misses you.
You riposte.
You slash the goblin!
You kill the goblin!
The goblin hits you with a +0 club.
* * * LOW HITPOINT WARNING * * *
The hobgoblin completely misses you. The goblin hits you with a +0 dagger.
* * * LOW HITPOINT WARNING * * *
As you read the scroll labelled XOGODD DOSAYTH, it crumbles to dust.
You feel strangely unstable.
It was a scroll of teleportation.
You block the hobgoblin's attack. The goblin hits you.
* * * LOW HITPOINT WARNING * * *
The goblin hits you with a +0 club.
You die...
P

..........#
#.#........# #
#.#........##
..#...........#
...g..........#
......).......#
..#)..gg......#
P....gggg.....#
♣♣..#.g@g.<..##
P.....gg)...##
............#
..##.####...# .
#. ##..# ##
####


You could see Robin, 4 hobgoblins and 6 goblins.

Vanquished Creatures
  A ball python (D:1)
  7 goblins
  2 hobgoblins (D:1)
  5 kobolds (D:1)
  4 bats
  2 frilled lizards (D:1)
  3 rats (D:1)
24 creatures vanquished.

Notes
Turn   | Place    | Note
-------+----------+-------------------------------------------
     0 | D:1      | Borgoz the Halfling Fighter began the quest for the Orb.
     0 | D:1      | Reached XP level 1. HP: 15/15 MP: 1/1
    74 | D:1      | Reached XP level 2. HP: 20/20 MP: 2/2
   359 | D:1      | Reached XP level 3. HP: 25/26 MP: 3/3
   617 | D:2      | Noticed Robin
   627 | D:2      | HP: 1/26 [goblin[Robin] (1)]
   627 | D:2      | Slain by a goblin

Illustrated notes

Levels and vault maps discovered:
D:1:      elethiomel_arrival_quiet, layout_rooms
D:2:      layout_rooms, serial_forest, infiniplex_forest_end_3,
          infiniplex_forest_3_way, infiniplex_forest_corner_1,
          infiniplex_forest_clump_diagonal, infiniplex_forest_diagonal,
          infiniplex_forest_clump_small, infiniplex_forest_clump_double,
          uniq_robin, uniq_terence

Skill      XL: |  1  2 |
---------------+-------+-----
Fighting       | 3 |  3.0
Long Blades    | |  2.5
Armour         | |  3.5
Shields        | |  3.5

Action                   || total
-------------------------++-------
Melee: Long sword        ||    52
  Use: Scroll            ||     3
Armor: Scale mail        ||    33
Dodge: Dodged            ||    31
Block: Kite shield       ||    38
       Rpst.: Long sword ||    14

Table legend: (Time is in decaauts)
 A = Elapsed time spent in this place.
 B = Non-inter-level travel time spent in this place.
 C = Inter-level travel time spent in this place.
 D = Time resting spent in this place.
 E = Time spent auto-exploring this place.
 F = Levels seen in this place.
 G = Mean time per level.
                   A        B        C        D        E       F      G
               +--------+--------+--------+--------+--------+-----+--------+
         Total |    647 |    606 |     41 |      0 |    476 |   2 |  323.5 |
       Dungeon |    647 |    606 |     41 |      0 |    476 |   2 |  323.5 |
               +--------+--------+--------+--------+--------+-----+--------+

Top non-repeatable levels by time:
     D:1: 635 daAuts
     D:2: 11 daAuts
